[Event "*** Titled Tuesday Blitz"]
[Site "Chess.com"]
[Date "2020.01.07"]
[Round "8"]
[White "Walter_White_Poland"]
[Black "FrogMist"]
[Result "0-1"]
[WhiteElo "2246"]
[BlackElo "2404"]
[TimeControl "180+2"]
[EndTime "14:53:48 PST"]
[Termination "FrogMist won by resignation"]

1. e4 e5 2. Nf3 Nc6 3. Bb5 a6 4. Ba4 Nge7 5. c3 g6 6. d4 exd4 7. cxd4 b5 8. Bc2 d6 9. Nc3 Bg7 10. Bf4 O-O 11. Qd2 Bg4 12. Ne2 d5 13. Bh6 Qd7 14. Bxg7 Kxg7 15. Ne5 Nxe5 16. dxe5 Bxe2 17. Qxe2 d4 18. O-O-O c5 19. f4 Qe6 20. Rhf1 Qxa2 21. f5 Nc6 22. f6+ Kh8 23. e6 fxe6 24.
f7 Qa1+ 25. Bb1 Ra7 26. Qg4 Qa4 27. Qxe6 Qc4+ 28. Qxc4 bxc4 29. e5 Raxf7 30. Rxf7 Rxf7 31. e6 Re7 32. Ba2 Ne5 33. Re1 Nd3+ 34. Kd2 Nxe1 35.
Bxc4 Nxg2 0-1

[Event "*** Titled Tuesday Blitz"]
[Site "Chess.com"]
[Date "2020.01.07"]
[Round "8"]
[White "Hadza_3"]
[Black "IMRosen"]
[Result "0-1"]
[WhiteElo "2402"]
[BlackElo "2577"]
[TimeControl "180+2"]
[EndTime "14:53:52 PST"]
[Termination "IMRosen won by resignation"]

1. e4 e5 2. Nc3 Nf6 3. Bc4 Nc6 4. d3 Na5 5. Bb3 Nxb3 6. axb3 d6 7. Nge2 Be7 8. O-O O-O 9. Ng3 Re8 10. h3 c6 11.
f4 exf4 12. Bxf4 Be6 13. Kh1 Nd7 14. Qd2 Nf8 15. Nf5 Ng6 16. Nxe7+ Qxe7 17. Ne2 d5 18. e5 c5 19. Rae1 b6 20. c3 d4 21.
cxd4 Bxb3 22. dxc5 bxc5 23. Ng3 Bd5 24. Bg5 Qd7 25.
Nf5 Rab8 26. Qc3 Rb3 27. Qxc5 Rxb2 28. Rf2 Rc8 29. Qe3 Rcc2 30. Rxc2 Rxc2 31. Ne7+ Nxe7 32.
Rg1 Re2 33. Qf4 0-1

[Event "*** Titled Tuesday Blitz"]
[Site "Chess.com"]
[Date "2020.01.07"]
[Round "8"]
[White "ChessSkool"]
[Black "2nd_life"]
[Result "1-0"]
[WhiteElo "2685"]
[BlackElo "2519"]
[TimeControl "180+2"]
[EndTime "14:53:54 PST"]
[Termination "ChessSkool won by resignation"]

1. d4 Nf6 2. c4 e6 3. g3 c5 4. Nf3 cxd4 5. Nxd4 d5 6. Bg2 e5 7.
Nf3 d4 8. O-O Nc6 9. e3 Be7 10.
exd4 exd4 11. Bf4 O-O 12. Ne5 Qb6 13. Re1 Qxb2 14. Nd2 Nxe5 15. Bxe5 Bg4 16. Rb1 Qxa2 17. Qc1 Ba3 18. Ra1 Bxc1 19. Rxa2 Bxd2 20. Rxd2 Rfe8 21. Bxb7 Rad8 22. f4 Re7 23. Bg2 d3 24. c5 Be2 25.
Rexe2 dxe2 26. Rxd8+ Ne8 27. Kf2 f6 28. Bc6 Kf7 29.
Bxe8+ Rxe8 30. Rxe8 Kxe8 31. Bb8 a5 32. Kxe2 Kd8 33.
Kd3 1-0

[Event "*** Titled Tuesday Blitz"]
[Site "Chess.com"]
[Date "2020.01.07"]
[Round "8"]
[White "ChainsOfFantasia"]
[Black "ChessBitl"]
[Result "1-0"]
[WhiteElo "2512"]
[BlackElo "2375"]
[TimeControl "180+2"]
[EndTime "14:53:56 PST"]
[Termination "ChainsOfFantasia won on time"]

1. d4 d5 2. Nf3 Nf6 3. c4 dxc4 4. e3 e6 5. Bxc4 a6 6. O-O c5 7. b3 Nc6 8. Bb2 Be7 9. Qe2 O-O 10. dxc5 Bxc5 11. Rd1 Qe7 12. e4 b5 13. Bd3 e5 14. Nc3 Bg4 15. Nd5 Nxd5 16. exd5 Nd4 17. Bxd4 Bxd4 18. Bxh7+ Kh8 19. Rxd4 Bxf3 20. Qxf3 exd4 21.
Qh5 g5 22. Qh6 f6 23. Bf5+ Kg8 24. Be6+ Rf7 25. Re1 Re8 26. h4 d3 27. hxg5 d2 28. Qg6+ Kf8 29. Qh6+ Kg8 30. Rd1 fxg5 31. Rxd2 g4 32.
Rd4 1-0

[Event "*** Titled Tuesday Blitz"]
[Site "Chess.com"]
[Date "2020.01.07"]
[Round "8"]
[White "VincentKeymer"]
[Black "1stSecond"]
[Result "0-1"]
[WhiteElo "2694"]
[BlackElo "2834"]
[TimeControl "180+2"]
[EndTime "14:54:02 PST"]
[Termination "1stSecond won by resignation"]

1. Nf3 d5 2. e3 Nf6 3. c4 e6 4.
Nc3 a6 5. b3 Be7 6. Bb2 O-O 7. Be2 c6 8. O-O b5 9. d4 Nbd7 10. Bd3 bxc4 11. bxc4 Rb8 12. Rb1 dxc4 13. Bxc4 c5 14. Qe2 cxd4 15. Nxd4 Ne5 16. Bxa6 Qa5 17. Bxc8 Rfxc8 18. Rfc1 h5 19. a4 Nc4 20. Ba1 Rxb1 21. Rxb1 Bb4 22. Ndb5 Na3 23. Nxa3 Bxc3 24. Bxc3 Rxc3 25. Qe1 Qe5 26. Nb5 Rc4 27. a5 Ng4 28. f4 Qd5 29. Nd4 Ra4 30. Ra1 Rxd4 31. a6 Rd2 32.
Qg3 Rd1+ 0-1

[Event "*** Titled Tuesday Blitz"]
[Site "Chess.com"]
[Date "2020.01.07"]
[Round "8"]
[White "AndrewDGreen"]
[Black "PursuitOfHappyness2"]
[Result "1-0"]
[WhiteElo "2203"]
[BlackElo "2231"]
[TimeControl "180+2"]
[EndTime "14:54:02 PST"]
[Termination "AndrewDGreen won by resignation"]

1. d4 c6 2. Nf3 Nf6 3. Bf4 g6 4. Nc3 d5 5. e3 Bg7 6. Be2 O-O 7. h3 c5 8. O-O Nc6 9. dxc5 Qa5 10. Nb5 e6 11. Bd6 a6 12. Nc7 Ra7 13. c3 b5 14.
b4 Qa3 15. Qc2 Ne4 16. Rfc1 Nxd6 17. cxd6 Rd8 18. Bxb5 axb5 19. Nxb5 Qa6 20. Nxa7 Nxa7 21.
a4 Qxd6 22. b5 Bd7 23. Rab1 Nc8 24. c4 dxc4 25. Qxc4 Nb6 26. Qh4 Rb8 27. a5 Nd5 28. b6 e5 29. Qc4 Be6 30. Qc6 Qa3 31. Ra1 Qb2 32. Rcb1 Qc3 33. Qd6 Rc8 34. b7 e4 35.
bxc8=Q+ Bxc8 36. Qxd5 exf3 37. Rc1 Qxa1 38. Rxa1 Bxa1 39.
Qd8+ Kg7 40. Qxc8 fxg2 1-0

[Event "*** Titled Tuesday Blitz"]
[Site "Chess.com"]
[Date "2020.01.07"]
[Round "8"]
[White "arminmusovic"]
[Black "norwaytoadog"]
[Result "1-0"]
[WhiteElo "2504"]
[BlackElo "2319"]
[TimeControl "180+2"]
[EndTime "14:54:03 PST"]
[Termination "arminmusovic won on time"]

1. a3 e5 2. Nc3 Nf6 3. d4 exd4 4. Qxd4 Nc6 5. Qa4 Bc5 6. Bg5 h6 7. Bh4 Be7 8. O-O-O O-O 9. Nf3 a6 10. Rg1 b5 11. Nxb5 Bb7 12. Nc3 a5 13. g4 Nb4 14. g5 hxg5 15. Bxg5 Bc6 16. Qb3 Ne4 17. Nxe4 Bxe4 18. Bxe7 Qxe7 19. axb4 axb4 20. Kd2 Ra5 21. Ke1 Re8 22. Rg4 d5 23. Ng5 Bf5 24. Rg3 Rc5 25. Re3 Be4 26. Nxe4 dxe4 27. Qxb4 Qe5 28. Qd4 Qf5 29.
c3 Rc6 30. Qd7 Rce6 31. Bh3 Qg5 32. Rg3 Qh4 33. Bxe6 Rxe6 34. Qd8+ Qxd8 35. Rxd8+ Kh7 36. Rd7 Ra6 37. Kd2 Ra2 38. Kc2 1-0

[Event "*** Titled Tuesday Blitz"]
[Site "Chess.com"]
[Date "2020.01.07"]
[Round "8"]
[White "Er_is_geen_hoop_meer"]
[Black "Heineccius"]
[Result "0-1"]
[WhiteElo "2443"]
[BlackElo "2665"]
[TimeControl "180+2"]
[EndTime "14:54:04 PST"]
[Termination "Heineccius won by checkmate"]

1. b4 Nf6 2. Bb2 d5 3. e3 Nbd7 4. Nf3 e6 5. a3 Bd6 6. g4 O-O 7. g5 Nh5 8. h4 b6 9. Nh2 g6 10. Ng4 e5 11. f4 f6 12. Bg2 Bb7 13. O-O Qe7 14. Nc3 c6 15. b5 e4 16. bxc6 Bxc6 17.
f5 Ng3 18. Rf2 Nxf5 19. Qf1 Be5 20. gxf6 Bxf6 21. Nxe4 Bxb2 22. Rb1 dxe4 23. Rxb2 Qxh4 24. Qc4+ Kh8 25. Qxc6 Nc5 26. Rf4 Qe1+ 27. Rf1 Qxd2 28. Qc7 Qc3 29. Rb3 Qg7 30. Qxg7+ Kxg7 31. Rb4 h5 32.
Ne5 Nxe3 33. Rxf8 Rxf8 34. Bxe4 a5 35. Rd4 Re8 36. Rd6 Nxe4 37. Rxg6+ Kh7 38. Rxb6 Rxe5 39.
c4 Nxc4 40. Ra6 Ne3 41. Kh2 Rg5 42. a4 Rg2+ 43. Kh3 Rg3+ 44. Kh4 Nf5+ 45. Kxh5 Rg5# 0-1

[Event "*** Titled Tuesday Blitz"]
[Site "Chess.com"]
[Date "2020.01.07"]
[Round "8"]
[White "TwentyHourADay"]
[Black "stoleriu"]
[Result "0-1"]
[WhiteElo "2241"]
[BlackElo "2545"]
[TimeControl "180+2"]
[EndTime "14:54:06 PST"]
[Termination "stoleriu won by resignation"]

1. d4 e6 2. c4 b6 3. a3 Bb7 4.
Nc3 f5 5. d5 Nf6 6. g3 Bd6 7.
Bg2 O-O 8. Nf3 a5 9. O-O Na6 10. Nd4 Qe8 11. e3 Nc5 12. Ndb5 Nfe4 13. Nxd6 cxd6 14.
Nb5 Qe7 15. b3 exd5 16. Nc7 Ra7 17. Nxd5 Bxd5 18. Qxd5+ Qf7 19. Qd1 a4 20. Bb2 Nxb3 21. Qe2 Nxa1 22. Rxa1 Rc7 23. Rc1 Rfc8 24. f3 Nf6 25. Bf1 d5 26. Qd1 dxc4 27. Qxa4 c3 28. Ba1 Qe6 29. Qd4 Nd5 30. e4 fxe4 31. fxe4 Nf6 32.
e5 Qd5 33. Qf4 Ne4 34. Bg2 Qd4+ 35. Kf1 Rf8 0-1

[Event "*** Titled Tuesday Blitz"]
[Site "Chess.com"]
[Date "2020.01.07"]
[Round "8"]
[White "Vegan4future"]
[Black "DamianoLew95"]
[Result "0-1"]
[WhiteElo "2442"]
[BlackElo "2589"]
[TimeControl "180+2"]
[EndTime "14:54:08 PST"]
[Termination "DamianoLew95 won by resignation"]

1. d4 d5 2. c4 c6 3. Nf3 Nf6 4. e3 Bf5 5. Nc3 e6 6. Nh4 Bg6 7. Qb3 Qb6 8. Nxg6 hxg6 9. Bd2 Nbd7 10. g3 Qxb3 11. axb3 a6 12. Bg2 Bd6 13. f4 Ng4 14. h3 Ngf6 15. Ke2 Ng8 16. c5 Bc7 17. b4 Rb8 18. Be1 Ne7 19. g4 f6 20. Bg3 g5 21.
Kf2 gxf4 22. exf4 Ng6 23. Kf3 e5 24. Rae1 Kf7 25. f5 Nh4+ 26. Bxh4 Rxh4 27. Ne2 e4+ 28. Ke3 Rbh8 29. Nf4 Bxf4+ 30. Kxf4 g6 31. fxg6+ Kxg6 32. Ref1 Nf8 33. Kg3 Ne6 34. Rf5 Nxd4 35. Rf2 f5 36. gxf5+ Nxf5+ 37. Kh2 Ne3 38. Rg1 Ng4+ 39. Kg3 Nxf2 40. Kxf2 Kf5 41. Bf1 d4 42. Rg7 R8h7 43.
Rg8 d3 44. Ke3 Rd7 45. Rf8+ Ke5 46. Kd2 e3+ 47. Kxe3 d2 48. Re8+ Kf6 49. Be2 Rxh3+ 50. Ke4 Re7+ 51. Rxe7 Kxe7 52. Kd4 Rh1 0-1

[Event "*** Titled Tuesday Blitz"]
[Site "Chess.com"]
[Date "2020.01.07"]
[Round "8"]
[White "Ariadna_Atreides"]
[Black "brendan174"]
[Result "1-0"]
[WhiteElo "2063"]
[BlackElo "2079"]
[TimeControl "180+2"]
[EndTime "14:54:08 PST"]
[Termination "Ariadna_Atreides won by resignation"]

1. d4 Nf6 2. Nf3 e6 3. e3 d5 4. Bd3 Be7 5. O-O O-O 6. b3 c5 7.
Bb2 cxd4 8. exd4 Nc6 9. Nbd2 Bd6 10. a3 b6 11. Ne5 Qc7 12. f4 Bb7 13. Qe2 Rac8 14.
g4 Qe7 15. Ndf3 Ne8 16. Ng5 g6 17. Qg2 f6 18. Nxc6 Bxc6 19. Nh3 Ng7 20. a4 e5 21. fxe5 fxe5 22. Rxf8+ Rxf8 23. Bb5 Bxb5 24. Qxd5+ Kh8 25.
axb5 Qh4 26. Qg2 exd4 27. Bxd4 Qe7 28. Nf2 Bb8 29. Nd3 Qc7 30. Re1 Qf7 31. Rf1 Qd7 1-0

[Event "*** Titled Tuesday Blitz"]
[Site "Chess.com"]
[Date "2020.01.07"]
[Round "8"]
[White "Vuk2000"]
[Black "LimeInTheCoconut"]
[Result "1-0"]
[WhiteElo "2677"]
[BlackElo "2469"]
[TimeControl "180+2"]
[EndTime "14:54:10 PST"]
[Termination "Vuk2000 won by resignation"]

1. d4 Nf6 2. Bg5 d5 3. e3 c5 4. Bxf6 gxf6 5. dxc5 Nc6 6. Nf3 e6 7. c4 dxc4 8. Nbd2 Bxc5 9. Bxc4 O-O 10. O-O f5 11. a3 Qf6 12. b4 Bb6 13. Qe2 Rd8 14. Rfd1 Bd7 15. Nb3 Be8 16. e4 fxe4 17. Qxe4 Rxd1+ 18. Rxd1 Rd8 19. Rxd8 Nxd8 20. Bd3 h6 21. b5 Qg7 22. a4 f5 23. Qe2 a5 24. Bxf5 Bf7 25. Be4 Qc3 26. Nbd2 Qa1+ 27. Ne1 Qxa4 28. Qg4+ Kf8 29.
Qf4 Ke7 30. Qh4+ Ke8 31. Bc6+ Nxc6 32. Qxa4 1-0

[Event "*** Titled Tuesday Blitz"]
[Site "Chess.com"]
[Date "2020.01.07"]
[Round "8"]
[White "igorkovalenko"]
[Black "Konavets"]
[Result "0-1"]
[WhiteElo "2915"]
[BlackElo "2995"]
[TimeControl "180+2"]
[EndTime "14:54:15 PST"]
[Termination "Konavets won by checkmate"]

1. d4 Nf6 2. Nf3 e6 3. Bg5 d5 4. e3 c5 5. c3 Nc6 6. Nbd2 Be7 7. Bd3 O-O 8. Qe2 h6 9. Bh4 b6 10. Ne5 Bb7 11. f4 Ne8 12. Bxe7 Nxe7 13. O-O Nd6 14.
Rf3 f6 15. Ng4 Ne4 16. Rh3 Nf5 17. Nf2 Nfd6 18. Rd1 cxd4 19. exd4 f5 20. Nf3 Nf7 21. Qe3 Qc7 22. Bc2 b5 23. Nd3 a5 24. a3 Rac8 25. Kh1 Ba6 26. Nfe1 Nfd6 27. Ra1 Nc4 28.
Qc1 Ncd6 29. Rf3 Rb8 30. Ne5 Rfc8 31. Qd1 Rb6 32. N1d3 b4 33. axb4 axb4 34. Nxb4 Rxb4 35. Rxa6 Rxb2 36. Rc6 Qb7 37. Rxc8+ Qxc8 38. h3 Nxc3 39.
Qc1 Na4 40. Rf2 Ne4 41. Re2 Ng3+ 42. Kh2 Nxe2 43. Qe3 Qxc2 44. Nd3 Nxd4 45. Qxd4 Qxg2# 0-1

[Event "*** Titled Tuesday Blitz"]
[Site "Chess.com"]
[Date "2020.01.07"]
[Round "8"]
[White "JMatias"]
[Black "FelixJoseYnojosa"]
[Result "0-1"]
[WhiteElo "2440"]
[BlackElo "2668"]
[TimeControl "180+2"]
[EndTime "14:54:18 PST"]
[Termination "FelixJoseYnojosa won by resignation"]

1. e4 c5 2. Nc3 Nc6 3. Nf3 d6 4. Bb5 e5 5. h3 Nf6 6. O-O Be7 7. d3 O-O 8. a3 Nd4 9. Nxd4 cxd4 10. Ne2 d5 11.
exd5 Nxd5 12. Bc4 Be6 13. Ng3 Rc8 14. Re1 Qc7 15. Bd2 Nf4 16. Bxe6 fxe6 17. Rc1 Rf6 18.
Bxf4 Rxf4 19. Ne4 Rcf8 20. Qd2 g6 21. c4 h5 22. b4 R8f7 23. c5 Bf8 24. Qa2 Qc6 25.
Rc2 Be7 26. a4 Qd5 27. Qc4 Kg7 28. b5 Rf8 29. c6 bxc6 30. Qxc6 Qb3 31. Qc4 Qxc4 32.
Rxc4 Bd8 33. Rc6 Ba5 34. Rec1 Re8 35. f3 Rf7 36. R1c4 Rd7 37. Nc5 Rde7 38. Ne4 h4 39. Rd6 Kh6 40. Rcc6 Bb4 41. Nc5 Kh5 42. Rxe6 Bxc5 43.
Rxg6 Bb6 44. Rh6+ Kg5 45. Rcg6+ Kf4 46. Kf2 Rc8 47. Rf6+ Kg5 48. Rhg6+ Kh5 49. Rh6+ Kg5 50. g4 Rc2+ 51. Ke1 Rg7 52. Rc6 Ba5+ 53. Kd1 Rd2+ 54. Kc1 Kf4 55. Rhf6+ Ke3 56. Rg6 Rxg6 57. Rxg6 Kxd3 58.
Ra6 Bc3 59. g5 Ra2 0-1

[Event "*** Titled Tuesday Blitz"]
[Site "Chess.com"]
[Date "2020.01.07"]
[Round "8"]
[White "korbul"]
[Black "PawnEatingZombie"]
[Result "0-1"]
[WhiteElo "2572"]
[BlackElo "2304"]
[TimeControl "180+2"]
[EndTime "14:54:22 PST"]
[Termination "PawnEatingZombie won by resignation"]

1. d4 d5 2. Nf3 e6 3. c4 dxc4 4. e3 b5 5. a4 c6 6. b3 Bb4+ 7. Bd2 Bxd2+ 8. Qxd2 a5 9. bxc4 b4 10. Bd3 Nf6 11. Qc2 c5 12. Nbd2 Bb7 13. O-O Nbd7 14. Rad1 Qc7 15. Rfe1 O-O 16. Ng5 h6 17. Nge4 Rfd8 18.
Nb3 Nxe4 19. Bxe4 Bxe4 20. Qxe4 cxd4 21. Rxd4 Nf6 22. Qf3 e5 23. Rxd8+ Rxd8 24. Rc1 e4 25. Qe2 h5 26. h3 Rd3 27. Nd4 Nd5 28. Qxh5 Nc3 29.
Nb5 Qxc4 30. Nxc3 bxc3 31. Qxa5 c2 32. Kh2 Rd1 33. Rxc2 Qxc2 34. Kg3 Qc8 35. Qe5 Qa8 36. h4 Rd3 37. h5 Ra3 38. h6 gxh6 39. Qd6 Rxa4 40. Qxh6 Ra6 41. Qf4 Rg6+ 42. Kh2 Qd8 43. g3 Qg5 44. Qb8+ Kg7 45. Kg1 Qg4 46. Qe5+ Kh7 47.
Qe7 Qf3 48. Qh4+ Kg7 49. Qe7 Rh6 50. Qe5+ Kh7 0-1

[Event "*** Titled Tuesday Blitz"]
[Site "Chess.com"]
[Date "2020.01.07"]
[Round "8"]
[White "tomozupan"]
[Black "BeanScreen"]
[Result "0-1"]
[WhiteElo "2197"]
[BlackElo "2389"]
[TimeControl "180+2"]
[EndTime "14:54:30 PST"]
[Termination "BeanScreen won by resignation"]

1. d4 d5 2. c4 dxc4 3. Nf3 a6 4. e3 Nf6 5. Bxc4 e6 6. O-O c5 7. Nc3 b5 8. Be2 Bb7 9. a4 b4 10. Na2 Nbd7 11. b3 Be7 12. Bb2 O-O 13. Nc1 Rc8 14.
Nd3 a5 15. dxc5 Nxc5 16. Nxc5 Bxc5 17. Qxd8 Rfxd8 18. Rfd1 Bd5 19. Rd3 Be4 20. Rxd8+ Rxd8 21. Rd1 Rxd1+ 22. Bxd1 Bd5 23. Nd2 Nd7 24. e4 Bc6 25. Kf1 Nb6 26. Be2 f6 27. f4 Kf7 28. g4 Bd6 29. e5 Bc5 30. exf6 gxf6 31. h4 Be3 32. Nc4 Nxc4 33. Bxc4 Bxf4 34. Bd4 Bc7 35. Kf2 Ke7 36. Bc5+ Kd7 37. Ke3 Bd5 38. Kd3 Kc6 39. Be7 Bxc4+ 40. Kxc4 f5 41. g5 f4 42. Bf6 f3 43. Kd3 e5 44. Ke3 e4 45. h5 Kd5 46.
g6 hxg6 47. hxg6 Bb6+ 48. Kd2 e3+ 49. Ke1 Ke6 50. Bb2 Bc7 51. Bd4 Bg3+ 52. Kd1 e2+ 0-1

[Event "*** Titled Tuesday Blitz"]
[Site "Chess.com"]
[Date "2020.01.07"]
[Round "8"]
[White "hansen"]
[Black "Firouzja2003"]
[Result "0-1"]
[WhiteElo "2871"]
[BlackElo "3055"]
[TimeControl "180+2"]
[EndTime "14:54:31 PST"]
[Termination "Firouzja2003 won by resignation"]

1. e4 c5 2. Nf3 d6 3. Bb5+ Nd7 4.
c3 a6 5. Ba4 b5 6. Bc2 Bb7 7.
d4 Ngf6 8. d5 g6 9. O-O Bg7 10.
h3 O-O 11. Re1 Re8 12. Bf4 Qc7 13. a4 e5 14. Bg5 h6 15. Be3 Nh5 16. Nbd2 c4 17. Ra3 Nc5 18. Nf1 Nf4 19. Ng3 Nfd3 20. Bxd3 Nxd3 21. Re2 Rf8 22. Ne1 f5 23. exf5 gxf5 24.
Nh5 f4 25. Bc1 Nxc1 26. Qxc1 Bxd5 27. Qd1 Bc6 28. Rd2 d5 29. axb5 axb5 30. Rxa8 Bxa8 31. Nc2 Qf7 32. Nb4 d4 33. Qg4 Rd8 34. cxd4 exd4 35. Nxf4 d3 36. Rd1 Kh7 37. Ne6 Rg8 38. Nc5 Bxb2 0-1

[Event "*** Titled Tuesday Blitz"]
[Site "Chess.com"]
[Date "2020.01.07"]
[Round "8"]
[White "Marty435"]
[Black "Ginzburg_Yakov"]
[Result "0-1"]
[WhiteElo "2369"]
[BlackElo "2574"]
[TimeControl "180+2"]
[EndTime "14:54:31 PST"]
[Termination "Ginzburg_Yakov won by checkmate"]

1. b3 Nf6 2. Bb2 e6 3. Nf3 Be7 4. g3 O-O 5. Bg2 d6 6. O-O e5 7. c4 c5 8. Nc3 Nc6 9. d3 h6 10. Ne1 Bg4 11. Nc2 Qd7 12. Ne3 Bh3 13. Ncd5 Bxg2 14.
Kxg2 Nxd5 15. Nxd5 f5 16. a3 Bd8 17. b4 b6 18. b5 Ne7 19. Nxe7+ Bxe7 20. e4 f4 21. f3 g5 22. g4 Kg7 23. a4 a5 24. h4 gxh4 25. Kh2 h5 26. Rg1 Kh6 27. Qf1 Rg8 28. gxh5 Rxg1 29. Qxg1 Qe6 30. Qg2 Rg8 31. Qf2 Rg3 32. Qf1 h3 33. Bc3 Rg2+ 34. Kh1 Qf7 35. Re1 Qxh5 36. Re2 Rg3 37. Rf2 Bd8 38. Be1 Kh7 39. Qe2 Bh4 40. Rf1 Rg2 41. Qd1 Qg6 42.
Bxh4 Rh2+ 43. Kxh2 Qg2# 0-1

[Event "*** Titled Tuesday Blitz"]
[Site "Chess.com"]
[Date "2020.01.07"]
[Round "8"]
[White "volcanoexplorer"]
[Black "Chessmatus"]
[Result "1-0"]
[WhiteElo "2561"]
[BlackElo "2367"]
[TimeControl "180+2"]
[EndTime "14:54:38 PST"]
[Termination "volcanoexplorer won by checkmate"]

1. e4 c5 2. Nf3 d6 3. d4 cxd4 4. Nxd4 Nf6 5. Nc3 a6 6. h3 e5 7. Nde2 h5 8. g3 Nbd7 9. a4 b6 10. Bg2 Bb7 11. O-O Be7 12. Nd5 Bxd5 13. exd5 h4 14. g4 O-O 15. c4 a5 16. Nc3 Ne8 17.
f4 exf4 18. Bxf4 Bg5 19. Be4 Bxf4 20. Rxf4 Ne5 21. Qe2 Rc8 22. b3 Qe7 23. Raf1 Nf6 24. Bc2 Nfd7 25. Nb5 Rfe8 26. Qf2 Nc5 27. Rd1 g6 28.
Kh1 Rcd8 29. Nd4 Qg5 30. Qf1 Rd7 31. Rd2 Rde7 32. Re2 Ned3 33. Rxf7 Rxf7 34. Rxe8+ Kg7 35. Qxd3 Nxd3 36. Ne6+ Kf6 37. Nxg5 Ne1 38. Rxe1 Kxg5 39.
Kg2 Rf4 40. Re4 Rf6 41. Re6 Rf4 42. Rxg6# 1-0

[Event "*** Titled Tuesday Blitz"]
[Site "Chess.com"]
[Date "2020.01.07"]
[Round "8"]
[White "Korchmar_Vasiliy"]
[Black "gena217"]
[Result "1-0"]
[WhiteElo "2823"]
[BlackElo "2937"]
[TimeControl "180+2"]
[EndTime "14:54:39 PST"]
[Termination "Korchmar_Vasiliy won by resignation"]

1. d4 Nf6 2. c4 e6 3. g3 c5 4. d5 exd5 5. cxd5 d6 6. Nc3 g6 7. Bg2 Bg7 8. Nf3 O-O 9. O-O Re8 10. Bf4 Na6 11. Re1 Bg4 12. h3 Bxf3 13. Bxf3 Nd7 14.
Bg2 Ne5 15. Ne4 Nc7 16. Qc2 h6 17. Rad1 Rc8 18. Qc1 Kh7 19. g4 Nb5 20. e3 c4 21.
Bxe5 Rxe5 22. a4 Nc7 23. Qxc4 Na6 24. Qb3 Re7 25. Rc1 Rec7 26. Rxc7 Rxc7 27. Qb5 Qe7 28. b4 Nb8 29. Qd3 Nd7 30. f4 a5 31. bxa5 Nc5 32. Qc4 Nxe4 33. Qxe4 Qh4 34. Rf1 Re7 35. Qf3 Qf6 36.
Kh1 Qc3 37. e4 Qxa5 38. h4 Qxa4 39. h5 Qd4 40. hxg6+ fxg6 41. e5 dxe5 42. f5 Qf4 43. fxg6+ Kxg6 44. Qe2 Qd4 45. Be4+ 1-0

[Event "*** Titled Tuesday Blitz"]
[Site "Chess.com"]
[Date "2020.01.07"]
[Round "8"]
[White "Kostina_Nadezhda"]
[Black "Kosche007"]
[Result "0-1"]
[WhiteElo "2155"]
[BlackElo "2380"]
[TimeControl "180+2"]
[EndTime "14:54:40 PST"]
[Termination "Kosche007 won by resignation"]

1. e4 c5 2. Nf3 d6 3. d4 cxd4 4. Nxd4 Nf6 5. Nc3 a6 6. g3 e5 7. Nb3 b5 8. Bg2 Bb7 9. O-O Nbd7 10. Be3 Be7 11. g4 h6 12. Qe2 Rc8 13. Rad1 Qc7 14. a3 g5 15. Rfe1 Nb6 16. Nd2 Nc4 17. Nxc4 Qxc4 18. Qf3 b4 19. Bf1 Bxe4 20. Nxe4 Qxe4 21.
Qxe4 Nxe4 22. Bxa6 Rb8 23. axb4 Rxb4 24. c3 Rxb2 25. Bc1 Rb6 26. Rxe4 Rxa6 27. c4 f6 28. Re2 Kf7 29. Rb2 Ra1 30. Kg2 Rc8 31. Rc2 Ke6 32.
Rdd2 Ra4 33. Rd3 Raxc4 34. Rxc4 Rxc4 35. Be3 Rxg4+ 36. Kf3 e4+ 37. Kxg4 exd3 38. Kf3 d5 39. Bd2 Bc5 40. h3 f5 41. Kg2 Kf6 42. h4 Kg6 43. hxg5 hxg5 44. Kf3 g4+ 45. Kf4 Bxf2 46. Ke5 g3 0-1

[Event "*** Titled Tuesday Blitz"]
[Site "Chess.com"]
[Date "2020.01.07"]
[Round "8"]
[White "OparinGrigoriy"]
[Black "benhal"]
[Result "1-0"]
[WhiteElo "3031"]
[BlackElo "2397"]
[TimeControl "180+2"]
[EndTime "14:54:41 PST"]
[Termination "OparinGrigoriy won by resignation"]

1. d4 Nf6 2. Nf3 g6 3. c4 c5 4.
g3 cxd4 5. Nxd4 Bg7 6. Bg2 O-O 7. Nc3 Nc6 8. O-O Qa5 9. e3 Ne5 10. Qe2 d6 11. Bd2 Qb6 12. b3 Bd7 13. Rac1 Nc6 14. Nxc6 Bxc6 15. e4 Rfc8 16. Rfd1 a5 17. Be3 Qa6 18. a4 Nd7 19. Nb5 Nc5 20. Bxc5 dxc5 21. e5 Bxg2 22. Kxg2 Qe6 23. f4 g5 24. fxg5 Rd8 25. h4 Qxe5 26. Qxe5 Bxe5 27. Kf3 e6 28. g4 b6 29. Ke4 Bg3 30. h5 Bh4 31. Kf4 h6 32. gxh6 f6 33. Kf3 Bg5 34. Rb1 Bxh6 35.
Nc7 Rac8 36. Nxe6 Re8 37. Rd6 Re7 38. Ke4 Rce8 39. Kd5 Kf7 40. Re1 Bf4 41. Rxb6 Be5 42. g5 Rd7+ 43. Kxc5 Rxe6 44. g6+ Ke7 45. Rxe6+ Kxe6 46. h6 Rc7+ 47. Kb5 Rc8 48. h7 Kd6 49. Rd1+ Ke7 50. g7 1-0

[Event "*** Titled Tuesday Blitz"]
[Site "Chess.com"]
[Date "2020.01.07"]
[Round "8"]
[White "mohssenbinaddi"]
[Black "manmanlai1"]
[Result "0-1"]
[WhiteElo "2232"]
[BlackElo "2394"]
[TimeControl "180+2"]
[EndTime "14:54:43 PST"]
[Termination "manmanlai1 won by resignation"]

1. Nf3 d5 2. d4 a6 3. Bf4 c5 4.
e3 cxd4 5. exd4 Bf5 6. c4 Nf6 7.
Nc3 e6 8. Qb3 Ra7 9. cxd5 exd5 10. Bxb8 Qxb8 11. Nxd5 Nxd5 12. Qxd5 Bb4+ 13. Nd2 Bxd2+ 14.
Kxd2 Qf4+ 15. Kc3 O-O 16. Qf3 Rc8+ 17. Kb3 Be6+ 18. d5 Qxf3+ 19. gxf3 Bxd5+ 20. Ka3 Bxf3 21. Rg1 b5 22. Rg3 Bd5 23. Rd1 Be6 24. Rgd3 g5 25. Rd8+ Rxd8 26. Rxd8+ Kg7 27. b3 Rc7 28. Ra8 Rc1 29.
Bd3 Bc8 30. f3 h5 31. Be4 f5 32. Bd5 Kf6 33. Kb2 Rc7 34. b4 Ke5 35. Bf7 h4 36. Bb3 Kd6 37. Bc2 Ke5 38. a4 bxa4 39.
Bxa4 g4 40. fxg4 fxg4 41. Bd1 Kf4 42. Be2 g3 43. hxg3+ hxg3 44. Bxa6 g2 0-1

[Event "*** Titled Tuesday Blitz"]
[Site "Chess.com"]
[Date "2020.01.07"]
[Round "8"]
[White "Duhless"]
[Black "platy3"]
[Result "1/2-1/2"]
[WhiteElo "3107"]
[BlackElo "2908"]
[TimeControl "180+2"]
[EndTime "14:54:44 PST"]
[Termination "Game drawn by agreement"]

1. d4 Nf6 2. c4 g6 3. Nc3 Bg7 4. e4 d6 5. f4 c5 6. d5 O-O 7. Nf3 b5 8. cxb5 a6 9. a4 axb5 10. Bxb5 Ba6 11. Ra3 Bxb5 12. axb5 Rxa3 13. bxa3 Qa5 14.
Bd2 Qxa3 15. O-O Nbd7 16. e5 dxe5 17. fxe5 Ng4 18. e6 Nde5 19. Nxe5 Nxe5 20. Qe2 f5 21. d6 exd6 22. Rb1 c4 23. b6 f4 24. Kh1 Rb8 25. Nd5 Qa2 26. Rf1 c3 27. Nxc3 Qxe6 28. Qb5 Qc4 29.
Qd5+ Kh8 30. Rxf4 Qa6 31. h3 Qxb6 32. Ne4 Qb1+ 33. Kh2 Qb7 34. Qxb7 Rxb7 35. Nxd6 Rd7 36. Ne4 Bh6 37. Rf2 Bxd2 38. Rxd2 Rxd2 39. Nxd2 1/2-1/2

[Event "*** Titled Tuesday Blitz"]
[Site "Chess.com"]
[Date "2020.01.07"]
[Round "8"]
[White "chigorin28"]
[Black "Rud_Makarian"]
[Result "1-0"]
[WhiteElo "2484"]
[BlackElo "2654"]
[TimeControl "180+2"]
[EndTime "14:54:49 PST"]
[Termination "chigorin28 won by resignation"]

1. e4 e5 2. Bc4 Nc6 3. d3 Nf6 4. Nf3 Be7 5. O-O O-O 6. c3 d6 7. Bb3 h6 8. Re1 Re8 9. Nbd2 Bf8 10. Nf1 g6 11. h3 Bg7 12. Ng3 Be6 13. Ba4 a6 14. d4 exd4 15. cxd4 b5 16. Bc2 Nb4 17. Bb1 d5 18. e5 Ne4 19. Nxe4 dxe4 20. Bxe4 Bd5 21. a3 Bxe4 22. Rxe4 Nd5 23. Bd2 Qd7 24. Rc1 Rac8 25. Qc2 c6 26. Ree1 Re6 27. b4 Nb6 28.
Be3 Qd5 29. Nd2 Rce8 30. Nb3 Nc4 31. Nc5 R6e7 32. a4 Kh7 33. a5 Ra8 34. Qe2 f5 35. Rcd1 Rf7 36. Bf4 g5 37. e6 Re7 38. Be5 Rae8 39.
Bxg7 Kxg7 40. Qh5 Nd6 41. Re5 Qc4 42. h4 g4 43. Rxf5 Nxf5 44. Qxf5 Qe2 45. Qe5+ Qxe5 46. dxe5 Kg6 47. Rd6 Kf5 48. Rxc6 Kxe5 49. Nxa6 Kd5 50. Rc1 Ke5 51. Nc5 Rd8 52. a6 Rd2 53. Ra1 Ra7 54.
g3 Kf6 55. Ne4+ 1-0